 Dungeon Crawl Stone Soup version 0.24-a0-498-ge00f04a389 (webtiles) character file.

Game seed: 5392992209450011304

132 DasRunzen the Skirmisher (level 4, 0/37 HPs)
             Began as a Demonspawn Fighter on July 14, 2019.
             Slain by a wight
             ... wielding a cursed +2 halberd
              (13 damage)
             ... on level 3 of the Dungeon.
             The game lasted 00:03:06 (1615 turns).

DasRunzen the Skirmisher (Demonspawn Fighter)       Turns: 1615, Time: 00:03:06

Health: 0/37       AC:  9    Str: 17    XL:     4   Next: 92%
Magic:  0/4        EV:  7    Int: 10    God:
Gold:   167        SH:  9    Dex: 12    Spells: 3/3 levels left

rFire    . . .     SeeInvis .   a - +0 trident
rCold    . . .     Gourm    .   c - +0 shield
rNeg     + . .     Faith    .   b - +0 scale mail
rPois    .         Spirit   +   (no helmet)
rElec    .         Reflect  .   (no cloak)
rCorr    .         Harm     .   (no gloves)
MR       .....                  m - +1 pair of boots
Stlth    ..........             (no amulet)
HPRegen  0.12/turn              e - ring of positive energy
MPRegen  0.09/turn              (no ring)

@: lightly drained
A: hooves 1, powered by death 1, magic shield
a: no special abilities


You were on level 3 of the Dungeon.
You were hungry.

You visited 1 branch of the dungeon, and saw 3 of its levels.

You collected 167 gold pieces.

Inventory:

Hand Weapons
 a - a +0 trident (weapon)
Armour
 b - a +0 scale mail (worn)
 c - a +0 shield (worn)
 m - a +1 pair of boots (worn)
Jewellery
 e - a ring of positive energy (left hand)
Scrolls
 g - 2 scrolls of identify
 o - a scroll of teleportation
Potions
 d - a potion of might
 h - a potion of brilliance
 i - a potion of mutation {unknown}
 j - a potion of cancellation {unknown}
 k - a potion of ambrosia {unknown}
 l - a potion of heal wounds {unknown}
 n - a potion of curing {unknown}
 p - a potion of flight {unknown}
 q - a potion of lignification {unknown}
Comestibles
 f - 3 rations


   Skills:
 + Level 3.8(3.6) Fighting
 + Level 2.7(2.5) Polearms
 + Level 3.4(3.2) Armour
 + Level 3.4(3.2) Shields


You had 3 spell levels left.
You didn't know any spells.
Your spell library was empty.

Dungeon Overview and Level Annotations

Branches:
Dungeon (3/15)

Altars:
Cheibriados


Innate Abilities, Weirdness & Mutations

You have large cloven feet.
You regenerate a little health from kills.
When hurt, damage is shared between your health and your magic reserves.


Message History

The wight hits you from afar with a cursed +2 halberd.
You partially resist.
You feel drained.
The wight hits you with a cursed +0 dagger.
You puncture the wight!
The wight is severely damaged.
The wight closely misses you. The wight misses you.
You closely miss the wight.
The wight is severely damaged.
The wight hits you but does no damage. You block the wight's attack. x2
You closely miss the wight.
The wight is severely damaged.
The wight hits you from afar with a cursed +2 halberd!
The wight hits you with a +4 morningstar.
You partially resist.
You feel drained. The wight barely misses you.
You barely miss the wight.
The wight is severely damaged.
The wight hits you from afar with a cursed +2 halberd!
You block the wight's attack. The wight barely misses you.
The wight hits you from afar with a cursed +2 halberd!
You die...

# ###......##
#.#.#...........#
#.#..#.##.##...## #.#.#
#........#
#.#..#.##.####.# #.#.#.#
#.# #.# #.#.#.###.####.#
#.###.#.#.......##.#
#.z.@.........#.##.#
......zz.#.#.....#.##.##
##########.#####........
#.# ###..._.. #.#
###...# #.##########.##
#............#
##############


You could see 3 wights.

Vanquished Creatures
  6 adders (D:2)
  3 worms (D:2)
  3 dart slugs
  5 leopard geckos
  A ball python (D:3)
  7 bats
  A giant cockroach (D:2)
  5 goblins
  9 hobgoblins
  4 jackals (D:3)
  3 frilled lizards
  4 kobolds
  9 rats
60 creatures vanquished.

Notes
Turn   | Place    | Note
-------+----------+-------------------------------------------
     0 | D:1      | DasRunzen the Demonspawn Fighter began the quest for the
                  | Orb.
     0 | D:1      | Reached XP level 1. HP: 18/18 MP: 1/1
    83 | D:1      | Gained mutation: When hurt, damage is shared between your
                  | health and your magic reserves. [demonic ancestry]
    83 | D:1      | Reached XP level 2. HP: 24/24 MP: 2/2
   583 | D:2      | Gained mutation: You have large cloven feet. [demonic
                  | ancestry]
   583 | D:2      | Reached XP level 3. HP: 24/29 MP: 3/3
   927 | D:2      | Gained mutation: You regenerate a little health from kills.
                  | [demonic ancestry]
   927 | D:2      | Reached XP level 4. HP: 26/35 MP: 2/4
  1584 | D:3      | Found a snail-covered altar of Cheibriados.
  1615 | D:3      | Slain by a wight

Levels and vault maps discovered:
D:1:      matt_arrival_grand_opening, layout_basic
D:2:      layout_rooms, minmay_misc_feat_enclosed
D:3:      layout_loops_ring, cheibriados_altar_1, first_ration,
          chequers_ecumenical_altar_grove

Skill      XL: |  1  2 |
---------------+-------+-----
Polearms       | 2 |  2.7
Shields        | 3 |  3.4
Armour         | 3 |  3.4
Fighting       | |  3.8

Action                   |  1- 3 |  4- 6 || total
-------------------------+-------+-------++-------
Melee: Trident           |   154 |    78 ||   232
       Kick              |    10 |     3 ||    13
  Use: Scroll            |     3 |     1 ||     4
  Eat: Chunk             |       |     2 ||     2
Armor: Scale mail        |    68 |    18 ||    86
Dodge: Dodged            |    42 |    16 ||    58
Block: Shield            |    73 |    23 ||    96

Table legend:
 A = Non-vault XP
 B = Vault XP
 C = Vault XP percentage of total XP
 D = Non-vault monster count
 E = Vault monster count
 F = Vault count percentage of total count
                 A         B        C        D         E       F
            +---------+---------+-------+---------+---------+-------
      Total |     189 |       0 |   0.0 |      60 |       0 |   0.0
            +---------+---------+-------+---------+---------+-------
        D:1 |      33 |       0 |   0.0 |      19 |       0 |   0.0
        D:2 |     126 |       0 |   0.0 |      27 |       0 |   0.0
        D:3 |      30 |       0 |   0.0 |      14 |       0 |   0.0
            +---------+---------+-------+---------+---------+-------
